 Dungeon Crawl Stone Soup version 0.32-a0-314-g526f7d4993 (webtiles) character file.

Game seed: 15543053848152377465

1199 Sweetruy1997 the Firebug (level 8, 0/54 (59) HPs)
             Began as a Mountain Dwarf Fire Elementalist on Feb 15, 2024.
             Was a Believer of Beogh.
             Slain by a hound (3 damage)
             ... on level 6 of the Dungeon.
             The game lasted 00:21:23 (6199 turns).

Sweetruy1997 the Firebug (MDFE)                     Turns: 6199, Time: 00:21:24

HP:   0/54 (59)     AC:  5    Str:  7 (10) XL:     8   Next: 20%
MP:   24/24         EV: 11    Int: 16 (19) God:    Beogh [**....]
Gold: 32            SH:  0    Dex:  7 (10) Spells: 1/16 levels left

rFire   + . .        x - +6 glaive "Emeu" {speed, Stlth+}
rCold   . . .        (shield currently unavailable)
rNeg    . . .        k - +0 leather armour {rF+}
rPois   .            z - +0 helmet
rElec   .            (no cloak)
rCorr   .            v - +0 pair of gloves
SInv    .            (no boots)
Will    .....        (no amulet)
Stlth   ++           c - ring of wizardry
HPRegen 0.29/turn    l - ring of magical power
MPRegen 0.19/turn

%: wizardry (x1)
@: drained
A: runic magic, artefact enchanting
a: Renounce Religion, Smiting


You were on level 6 of the Dungeon.
You worshipped Beogh.
Beogh was pleased with you.
You visited 1 branch of the dungeon, and saw 6 of its levels.

You collected 262 gold pieces.
You spent 230 gold pieces at shops.

Inventory:

Hand Weapons
 q - a +6 hand axe of venom
 x - the +6 glaive "Emeu" (weapon) {speed, Stlth+}
   (You bought it in a shop on level 2 of the Dungeon)

   Stlth+:    It makes you more stealthy.
Armour
 k - a +0 leather armour of fire resistance (worn)
 v - a +0 pair of gloves (worn)
 z - a +0 helmet (worn)
Jewellery
 c - a ring of wizardry (left hand)
 g - a +6 ring of intelligence
 l - a ring of magical power (right hand)
Talismans
 f - a maw talisman
Wands
 n - a wand of charming (9)
 s - a wand of iceblast (7)
Scrolls
 e - a scroll of amnesia {unknown}
 h - 2 scrolls of teleportation
 o - a scroll of fear
 u - a scroll of poison {unknown}
 y - a scroll of identify
Potions
 a - a potion of haste
 b - 2 potions of magic
 i - 2 potions of brilliance
 j - 2 potions of lignification {unknown}
 m - 4 potions of ambrosia
 p - a potion of enlightenment {unknown}
 r - a potion of curing {unknown}
 t - a potion of attraction {unknown}
 w - a potion of berserk rage {unknown}


   Skills:
 - Level 1.0 Fighting
 + Level 1.4 Polearms
 + Level 2.9 Armour
 + Level 1.9 Dodging
 + Level 2.2 Stealth
 + Level 4.9 Spellcasting
 + Level 2.4 Conjurations
 + Level 0.6 Necromancy
 + Level 1.3 Translocations
 + Level 7.4 Fire Magic
 + Level 0.2 Air Magic
 + Level 0.4 Alchemy


You had one spell level left.
You knew the following spells:

 Your Spells              Type           Power      Damage    Failure   Level
a - Foxfire               Conj/Fire      76%        2x1d7     1%          1
b - Scorch                Fire           54%        2d7       1%          2
c - Cigotuvi's Dreadful   Necr/Alch/Air  10%        N/A       9%          2
d - Volatile Blastmotes   Fire/Tloc      34%        2d12      3%          3
e - Gell's Gravitas       Tloc           8%         N/A       12%         3
f - Flame Wave            Conj/Fire      19%        2d7       9%          4

Your spell library contained the following spells:

 Spells                   Type           Power      Damage    Failure   Level
 Inner Flame              Hex/Fire       15%        N/A       4%          3
 Teleport Other           Tloc           8%         N/A       12%         3
 Ignite Poison            Fire/Alch      16%        N/A       13%         4
 Fugue of the Fallen      Necr           5%         N/A       16%         3
 Call Canine Familiar     Summ           3%         N/A       21%         3
 Ozocubu's Armour         Ice            3%         N/A       21%         3
 Sigil of Binding         Hex            3%         N/A       21%         3
 Manifold Assault         Tloc           8%         N/A       34%         4
 Dimensional Bullseye     Hex/Tloc       3%         N/A       43%         4
 Freezing Cloud           Conj/Ice/Air   3%         6-21      75%         5
 Dispersal                Tloc           4%         N/A       99%         6


Dungeon Overview and Level Annotations

Branches:
Dungeon (6/15)
 Temple: D:4-7

Altars:

Shops:
D:2 (   D:6 *

Annotations:
D:6 Jeremiah


Innate Abilities, Weirdness & Mutations

Your facial features are unmistakably orcish.
Your spellcasting is much less encumbered by armour.
You can use scrolls of enchantment on lesser artefacts.


Message History

You closely miss the butterfly.
The butterfly disappears in a burst of colours! x2
You miss the butterfly.
The butterfly disappears in a burst of colours!
The hound bites you but does no damage.
You completely miss the butterfly.
The butterfly disappears in a burst of colours!
The hound bites you but does no damage. x2
You closely miss the hound.
The hound bites you but does no damage. x2
You closely miss the hound.
The butterfly disappears in a burst of colours!
The hound barely misses you.
You hit the hound.
The hound is lightly wounded.
The butterfly disappears in a burst of colours!
The hound barely misses you. The hound bites you.
You barely miss the hound.
The hound is lightly wounded.
The hound bites you.
You slash the hound!
The hound is almost dead.
The hound barely misses you. The hound bites you.
You completely miss the hound.
The hound is severely wounded.
The hound bites you but does no damage. x2
You closely miss the hound.
The hound is severely wounded.
The butterfly disappears in a burst of colours!
Jeremiah cries, "Fearful master, protect me!"
Something smites you!
* * * LOW HITPOINT WARNING * * *
The hound barely misses you.
It was a potion of degeneration.
There was something very wrong with that liquid.
You feel weakened.
You feel dopey.
You feel clumsy.
The butterfly disappears in a burst of colours!
The hound bites you.
* * * LOW HITPOINT WARNING * * *
The hound bites you.
You die... ..# <.# ### ## #.# #b. #. #.## #.# # #.# ...+ +.. .#.. #### #b# #..# ## #.# #..# .# #.######bb# .# #.h@bb.bFb#

.# #+# ########b##
.# #.# #.# .# #.#
#.# .#
##.############.#
##
##........)......#
#
#.....############
#######...##
.........##


You could see Jeremiah and a hound.

Vanquished Creatures
  2 ice beasts (D:5)
  A black bear (D:5)
  2 ogres
  A phantom (D:5)
  2 kobold brigands (D:4)
  A scorpion (D:4)
  An orc priest (D:3)
  2 hounds
  A jelly (D:5)
  2 iguanas (D:4)
  2 orc wizards (D:5)
  3 gnolls (D:4)
  5 adders
  A white imp (D:5)
  4 dart slugs
  4 ribbon worms
  13 orcs
  4 ball pythons
  7 endoplasms
  6 giant cockroaches
  7 goblins
  4 hobgoblins
  2 jackals (D:2)
  8 kobolds
  3 bats (D:2)
  4 frilled lizards
  8 rats
100 creatures vanquished.

Vanquished Creatures (others)
  An iguana (D:5)
  An orc (D:5)
  177 foxfires
179 creatures vanquished.

Grand Total: 279 creatures vanquished

Notes
Turn   | Place    | Note
-------+----------+-------------------------------------------
     0 | D:1      | Sweetruy1997 the Mountain Dwarf Fire Elementalist began the
                  | quest for the Orb.
     0 | D:1      | Reached XP level 1. HP: 14/14 MP: 3/3
    25 | D:1      | Found a faded altar of an unknown god.
    82 | D:1      | Reached skill level 4 in Fire Magic
   206 | D:1      | Reached XP level 2. HP: 20/20 MP: 2/4
   306 | D:1      | Learned a level 2 spell: Scorch
   874 | D:2      | Reached XP level 3. HP: 26/26 MP: 5/5
   877 | D:2      | Learned a level 2 spell: Cigotuvi's Dreadful Rot
  1171 | D:2      | Found Feckyxtu's Antique Weapon Boutique.
  1244 | D:2      | Reached skill level 5 in Fire Magic
  1296 | D:2      | Reached skill level 1 in Conjurations
  1439 | D:2      | Reached XP level 4. HP: 33/33 MP: 7/7
  2350 | D:3      | Became a worshipper of Beogh the Shepherd
  2499 | D:3      | Reached XP level 5. HP: 18/37 MP: 9/9
  2724 | D:3      | Learned a level 3 spell: Volatile Blastmotes
  3264 | D:4      | Reached * piety under Beogh
  3272 | D:4      | Reached skill level 6 in Fire Magic
  3463 | D:4      | Noticed an ogre
  3485 | D:4      | Killed an ogre
  3486 | D:4      | Reached skill level 1 in Armour
  3486 | D:4      | Reached XP level 6. HP: 40/45 MP: 6/10
  3490 | D:4      | Learned a level 3 spell: Gell's Gravitas
  4198 | D:4      | Reached XP level 7. HP: 45/51 MP: 8/12
  4562 | D:5      | Entered Level 5 of the Dungeon
  4877 | D:5      | Reached skill level 7 in Fire Magic
  4881 | D:5      | Reached ** piety under Beogh
  4882 | D:5      | Reached skill level 1 in Translocations
  5121 | D:2      | Bought a pitted glaive for 230 gold pieces
  5121 | D:2      | Identified the +6 glaive "Emeu" {speed, Stlth+} (You bought
                  | it in a shop on level 2 of the Dungeon)
  5644 | D:5      | Reached XP level 8. HP: 58/58 MP: 15/15
  5808 | D:5      | Reached skill level 1 in Fighting
  5808 | D:5      | Reached skill level 1 in Polearms
  5947 | D:5      | Learned a level 4 spell: Flame Wave
  6162 | D:6      | Found Iletaaw's General Store.
  6169 | D:6      | Noticed Jeremiah
  6199 | D:6      | Slain by a hound

Illustrated notes

Levels and vault maps discovered:
D:1:      lemuel_arrival_lava_pool, layout_basic, ebering_ecumenical_altar_ruins
D:2:      layout_basic, serial_shops, nicolae_lakefront_shop
D:3:      layout_basic
D:4:      cheibrodos_thug_alley, layout_loops_ring
D:5:      layout_basic
D:6:      layout_loops_corners, serial_shops, shop, minivault_24, uniq_jeremiah

Skill      XL: |  1  2  3  4  5  6  7  8 |
---------------+-------------------------+-----
Fire Magic     | 4 5 6 7 |  7.4
Spellcasting   | 2 3 4 |  4.9
Conjurations   | 1 2 |  2.4
Armour         | 1 2 |  2.9
Stealth        | 2 |  2.2
Translocations | 1 |  1.3
Fighting       | 1 |  1.0
Polearms       | 1 |  1.4
Dodging        | |  1.9
Necromancy     | |  0.6
Air Magic      | |  0.2
Alchemy        | |  0.4

Action                     |  1- 3 |  4- 6 |  7- 9 || total
---------------------------+-------+-------+-------++-------
  Melee: Unarmed           |    12 |       |       ||    12
         Hand axe          |     8 |     4 |    12 ||    24
         Glaive            |       |       |    41 ||    41
   Cast: Foxfire           |    40 |    75 |    26 ||   141
         Scorch            |    10 |    16 |    14 ||    40
         Cigotuvi's Dreadf |     1 |     7 |     2 ||    10
         Volatile Blastmot |       |     6 |     1 ||     7
         Gell's Gravitas   |       |     4 |     2 ||     6
 Invoke: Convert to Beogh  |       |     1 |       ||     1
    Use: Scroll            |       |     8 |     1 ||     9
         Potion            |       |       |     1 ||     1
 Armour: Robe              |     9 |       |       ||     9
         Leather armour    |    10 |    11 |    43 ||    64
  Dodge: Dodged            |    24 |    13 |    27 ||    64

Table legend: (Time is in decaauts)
 A = Elapsed time spent in this place.
 B = Non-inter-level travel time spent in this place.
 C = Inter-level travel time spent in this place.
 D = Time resting spent in this place.
 E = Time spent auto-exploring this place.
 F = Levels seen in this place.
 G = Mean time per level.
                   A        B        C        D        E       F      G
               +--------+--------+--------+--------+--------+-----+--------+
         Total |   6216 |   5938 |    278 |    256 |   4788 |   6 | 1036.0 |
       Dungeon |   6216 |   5938 |    278 |    256 |   4788 |   6 | 1036.0 |
               +--------+--------+--------+--------+--------+-----+--------+

Top non-repeatable levels by time:
     D:4: 1604 daAuts
     D:5: 1300 daAuts
     D:2: 1191 daAuts
     D:3: 1053 daAuts
     D:1: 859 daAuts
     D:6: 207 daAuts
